 Dungeon Crawl Stone Soup version 0.19.0-20-gbc5f0c6 (webtiles) character file.

93854 rjrrt the Spry (level 15, 0/78 HPs)
             Began as a Spriggan Enchanter on Nov 17, 2016.
             Was the Champion of Nemelex Xobeh.
             Slain by a swamp worm (23 damage)
             ... called by a spriggan druid
             ... on level 3 of the Swamp.
             The game lasted 02:20:21 (32643 turns).

rjrrt the Spry (Spriggan Enchanter)                Turns: 32643, Time: 02:20:21

Health: 0/78       AC: 10    Str:  4    XL:     15   Next: 61%
Magic:  7/27       EV: 32    Int: 27    God:    Nemelex Xobeh [******]
Gold:   2606       SH:  0    Dex: 17    Spells: 8 memorised, 7 levels left

rFire  . . .     SeeInvis +     a - +8 quick blade
rCold  . . .     Gourm    .     J - +3 robe "Konlyuph" {rElec rN+ MR+}
rNeg   + . .     Faith    .     (shield restricted)
rPois  +         Spirit   .     (helmet restricted)
rElec  +         Reflect  .     n - +2 cloak {rPois}
rCorr  .         Harm     .     (gloves unavailable)
MR     ++++.                    (boots unavailable)
Stlth  +++++++...               i - amulet of regeneration
                                E - +2 ring of protection
                                v - +4 ring of intelligence

@: exhausted, slowed, quick
A: unfitting armour, horns 1, see invisible, herbivore 3, speed 3, magic
resistance 1, slow metabolism 2
a: Triple Draw, Deal Four, Stack Five, Renounce Religion


You were on level 3 of the Swamp.
You worshipped Nemelex Xobeh.
Nemelex Xobeh was exalted by your worship.
You were very full.

You visited 5 branches of the dungeon, and saw 27 of its levels.
You also visited: Ossuary, Bailey and Ice Cave.

You collected 2968 gold pieces.
You spent 362 gold pieces at shops.

Inventory:

Hand Weapons
 a - a +8 quick blade (weapon)
 b - a +3 scimitar of flaming
 f - a +3 dagger of flaming
Missiles
 O - 3 throwing nets (quivered)
Armour
 n - a +2 cloak of poison resistance (worn)
 J - the +3 robe "Konlyuph" (worn) {rElec rN+ MR+}
   (You took it off an orc warrior in a bailey)

   It insulates you from electricity.
   It protects you from negative energy.
   It affects your resistance to hostile enchantments.
 K - a +2 robe of fire resistance
Jewellery
 i - an amulet of regeneration (around neck)
 v - a +4 ring of intelligence (left hand)
 E - a +2 ring of protection (right hand)
 R - an uncursed ring of resist corrosion
Wands
 m - a wand of disintegration (12/24)
 u - a wand of polymorph (15/24)
 y - a wand of lightning (2/15)
 G - a wand of digging (5/24)
 I - a wand of teleportation (1/9)
 U - a wand of hasting (4/9)
 X - a wand of heal wounds (5/9)
Scrolls
 j - 4 scrolls of recharging
 s - 8 scrolls of remove curse
 t - 3 scrolls of blinking
 C - 7 scrolls of teleportation
 M - 3 scrolls of fog
 Q - 5 scrolls of identify
 S - 4 scrolls of fear
Potions
 l - 6 potions of might
 p - 15 potions of curing
 q - 4 potions of agility
 r - 4 potions of cure mutation
 w - 6 potions of haste
 B - a potion of resistance
 D - a potion of cancellation
 F - 4 potions of flight
 H - a potion of invisibility
 V - a potion of berserk rage
Miscellaneous
 c - an ornate deck of destruction
 e - a legendary deck of escape {the Tomb, left: 5}
 g - a legendary deck of summoning
 h - a legendary deck of summoning
 k - a legendary deck of summoning
 x - an ornate deck of summoning
 z - a legendary deck of escape {the Tomb, left: 4}
 N - a plain deck of summoning {drawn: 8}
 P - a legendary deck of escape {drawn: 3}
Comestibles
 d - 16 bread rations
 A - 3 fruits


   Skills:
 + Level 8.7 Fighting
 - Level 10.1(10.6) Short Blades
 * Level 4.2(6.5) Long Blades
 + Level 17.2 Dodging
 + Level 16.7 Stealth
 + Level 7.6 Spellcasting
 - Level 12.4 Hexes
 - Level 5.1 Charms
 - Level 7.2 Necromancy
 + Level 3.2 Translocations
 - Level 3.0 Ice Magic
 + Level 1.7 Air Magic
 + Level 1.5 Poison Magic
 - Level 9.0 Invocations


You had 7 spell levels left.
You knew the following spells:

 Your Spells              Type           Power        Failure   Level  Hunger
a - Animate Dead          Necr           N/A          2%          4    ##.....
b - Ensorcelled Hibernat  Hex/Ice        ######       1%          2    None
c - Confuse               Hex            ######..     1%          3    None
d - Tukima's Dance        Hex            ######..     1%          3    None
g - Regeneration          Chrm/Necr      #####.....   1%          3    None
k - Blink                 Tloc           N/A          1%          2    None
m - Mephitic Cloud        Conj/Pois/Air  ###.....     14%         3    None
r - Repel Missiles        Chrm/Air       ####..       1%          2    None


Dungeon Overview and Level Annotations

Branches:
Dungeon (15/15)            Temple (1/1) D:6            Lair (6/6) D:10
  Swamp (3/4) Lair:3        Snake (0/4) Lair:2        Slime (0/5) Lair:6
    Orc (2/2) D:11            Elf (0/3) Orc:2        Vaults (0/5) D:14
 Depths (0/5) D:15

Altars:
Ashenzari
Dithmenos
Elyvilon
Gozag
Hepliaklqana
Kikubaaqudgha
Makhleb
Nemelex Xobeh
Okawaru
Ru
Sif Muna
Trog
Uskayaw
Vehumet
Zin
The Shining One

Shops:
D:9 }   Orc:2 [*?%

Annotations:
D:2 Sigmund
D:6 1 exclusion
Lair:4 artefact's ghost, journeyman DEFE
Lair:6 exclusion: 2 oklob plants


Innate Abilities, Weirdness & Mutations

You are very small and have problems with some larger weapons.
You are too small for most types of armour.
You have supernaturally acute eyesight. (SInv)
You are a herbivore.
You cover ground extremely quickly.
You need consume almost no food.
You have a pair of small horns on your head.
You are resistant to hostile enchantments. (MR+)


Message History

The alligator misses rjrrt's illusion.
The alligator completely misses rjrrt's illusion.
Rjrrt's illusion misses the alligator.
A swamp worm comes into view.
You see here a hydra corpse.
The alligator completely misses rjrrt's illusion.
The alligator tail-slaps rjrrt's illusion.
The alligator puts on a burst of speed!
Rjrrt's illusion casts a spell at the alligator.
The alligator appears confused.
The swamp drake breathes noxious fumes at you.
There is a stone staircase leading down, spattered with blood here.
Rjrrt's illusion casts a spell at the alligator.
The alligator resists with significant effort.
The alligator is engulfed in noxious fumes. x2
The alligator appears confused.
You climb downwards.
The swamp worm completely misses you. The swamp worm bites you!!
You die...
Your body glows slightly and disappears.

♣..♣ ♣..♣ ♣..♣ ♣..♣ ♣≈.♣
♣§.♣ ♣≈w♣ ♣♣@≈♣ .♣ #D.
♣..≈♣ .♣ #.. ♣.≈≈♣ ..♣
.#..≈ ♣.≈.♣ ♣≈.♣ ....≈
♣.♣.♣ ≈≈.♣ ....≈. ♣♣≈≈≈♣
♣...♣♣ #.i≈.♣ ♣≈.♣≈♣
♣♣♣.≈≈≈.♣♣
#..≈≈≈♣♣♣≈≈§≈♣♣♣♣....§...♣
≈♣≈≈.≈≈≈♣≈.....≈..≈.≈≈♣


You could see a swamp worm.

Vanquished Creatures
  2 frost giants
  Harold (D:11)
  13 hydras
  4 centaur warriors
  A catoblepas (Lair:5)
  2 alligators
  2 death knights
  2 orc high priests (Orc:2)
  An ogre mage (D:14)
  A swamp dragon (Swamp:1)
  A lindwurm (Lair:6)
  A spriggan druid (Swamp:2)
  6 orc knights
  6 hill giants
  A necromancer (IceCv)
  Pikel (D:5)
  5 orc sorcerers
  2 deep elf magi
  6 ugly things
  2 cyclopes
  5 manticores
  2 ice statues (IceCv)
  3 gargoyles
  2 black mambas
  13 spiny frogs
  3 rime drakes
  A kobold demonologist (D:13)
  A yaktaur (D:15)
  4 freezing wraiths
  6 komodo dragons
  9 ice devils (IceCv)
  2 efreet
  7 trolls
  A tyrant leech (Swamp:2)
  2 polar bears
  3 two-headed ogres
  8 slime creatures
  5 blink frogs (Lair:6)
  2 bog bodies (Swamp:1)
  6 hornets
  5 hippogriffs
  A centaur simulacrum (D:15)
  A meliai zombie (D:15)
  2 redbacks
  5 spriggans
  Eustachio (D:6)
  3 wraiths
  4 wyverns
  2 basilisks
  36 yaks
  4 vampire mosquitoes
  A mottled dragon (D:12)
  4 wargs
  A hungry ghost (D:12)
  4 nagas
  2 swamp worms (Swamp:1)
  6 insubstantial wisps (Swamp:1)
  Duvessa (D:4)
  10 water moccasins
  A floating eye (shapeshifter) (D:12)
  11 porcupines
  26 orc warriors
  A swamp drake (Swamp:2)
  An eye of draining (D:12)
  2 black bears (Lair:6)
  5 sky beasts
  11 ogres
  2 ice beasts
  A phantom (D:5)
  16 centaurs
  33 wolves
  10 crocodiles
  5 big kobolds
  The ghost of Karnivor the Digger, an amateur GrEE (D:3)
  10 bullfrogs
  Dowan (D:4)
  9 scorpions
  A water moccasin skeleton (D:11)
  12 wights
  An electric eel (D:7)
  4 howler monkeys (D:8)
  4 bullfrog zombies
  6 crimson imps
  4 draconian simulacra (IceCv)
  4 centaur skeletons
  2 centaur zombies
  16 orc priests
  Crazy Yiuf (D:4)
  A human zombie (Ossuary)
  A quasit (D:8)
  A bullfrog skeleton (D:5)
  4 hounds
  4 jellies
  29 orc wizards
  12 worker ants
  8 iguanas
  A troll simulacrum (IceCv)
  2 big kobold zombies (Ossuary)
  3 mummies (Ossuary)
  A hound skeleton (D:8)
  2 worker ant zombies
  Robin (D:2)
  A howler monkey skeleton (D:8)
  15 gnolls
  5 scorpion zombies (Ossuary)
  11 adders
  3 naga simulacra (IceCv)
  2 ogre simulacra (IceCv)
  5 shadow imps
  An ooze (D:6)
  2 adder skeletons
  4 worms (D:2)
  4 dart slugs
  5 leopard geckos
  71 orcs
  7 giant cockroaches
  19 goblins
  13 hobgoblins
  13 jackals
  19 kobolds
  2 ball pythons
  14 bats
  8 frilled lizards
  A giant cockroach zombie (D:5)
  A goblin zombie (Ossuary)
  A hobgoblin zombie (Ossuary)
  5 kobold zombies (Ossuary)
  2 leopard gecko skeletons
  2 orc zombies (Ossuary)
  12 rats
  A fungus (Lair:6)
  A plant (D:10)
759 creatures vanquished.

Vanquished Creatures (collateral kills)
  Frances (Swamp:1)
  2 orc warlords
  Nessos (Lair:5)
  Erolcha (D:11)
  2 hydras
  A ghost crab (Lair:6)
  The ghost of scalarboson the Severer, a novice HOBe of Trog (D:9)
  An orc high priest (Bailey)
  A shambling mangrove (Swamp:1)
  2 orc knights (Orc:2)
  An orc sorcerer (Bailey)
  5 elephants (Lair:5)
  A water nymph (Orc:2)
  A spiny frog (Lair:6)
  A komodo dragon (Lair:6)
  A troll (Orc:2)
  2 hornets (Lair:6)
  A polar bear (Lair:6)
  4 dream sheep (Lair:6)
  11 spriggans (Lair:6)
  A steam dragon (Orc:2)
  A naga (Lair:6)
  A swamp worm (Swamp:1)
  A swamp drake (Lair:6)
  5 orc warriors
  A boggart (Lair:6)
  8 wolves (Lair:6)
  2 ogres
  A centaur (Lair:6)
  2 bullfrogs
  A scorpion (Lair:6)
  An electric eel (Bailey)
  3 orc priests
  An orc wizard (Orc:2)
  5 orcs
  3 goblins
  3 hobgoblins (Bailey)
  A fungus (Lair:5)
82 creatures vanquished.

Vanquished Creatures (others)
  An unseen horror (D:14)
  A polar bear (Lair:6)
  A blink frog (Lair:6)
  A dream sheep (Lair:6)
  A spriggan (Lair:6)
  A porcupine (Lair:4)
  An orc wizard (D:11)
  A worm (Orc:2)
  2 ball lightnings (Lair:4)
  A quokka (D:2)
  6 fungi
  2 plants
19 creatures vanquished.

Grand Total: 860 creatures vanquished

Notes
Turn   | Place    | Note
-------+----------+-------------------------------------------
     0 | D:1      | rjrrt the Spriggan Enchanter began the quest for the Orb.
     0 | D:1      | Reached XP level 1. HP: 9/9 MP: 5/5
   247 | D:1      | Reached XP level 2. HP: 9/13 MP: 5/7
   266 | D:1      | Learned a level 2 spell: Ensorcelled Hibernation
   912 | D:2      | Reached XP level 3. HP: 16/16 MP: 8/8
   916 | D:2      | Reached skill level 5 in Stealth
   953 | D:2      | Found a white marble altar of Elyvilon.
  1014 | D:2      | Noticed Sigmund
  1074 | D:2      | Noticed Robin
  1142 | D:3      | Noticed a big kobold
  1314 | D:3      | Noticed an orc warrior
  1562 | D:2      | Learned a level 3 spell: Confuse
  1568 | D:2      | Learned a level 3 spell: Tukima's Dance
  1786 | D:2      | Reached XP level 4. HP: 21/21 MP: 10/10
  2037 | D:2      | Found a burning altar of Makhleb.
  2524 | D:3      | Found a shattered altar of Ashenzari.
  2526 | D:3      | Found a bloodstained altar of Trog.
  3412 | D:2      | Killed Robin
  3412 | D:2      | Reached XP level 5. HP: 24/24 MP: 6/11
  3651 | D:3      | Reached skill level 4 in Dodging
  3919 | D:3      | Killed an orc warrior
  3919 | D:3      | Reached XP level 6. HP: 28/28 MP: 10/13
  3982 | D:3      | Noticed Karnivor's ghost (amateur GrEE)
  4074 | D:3      | Killed Karnivor's ghost
  4317 | D:4      | Found an iron altar of Okawaru.
  4961 | D:4      | Reached XP level 7. HP: 32/32 MP: 11/14
  5018 | D:4      | Reached skill level 5 in Dodging
  5170 | D:4      | Reached skill level 5 in Hexes
  5408 | D:4      | Reached skill level 5 in Short Blades
  5431 | D:4      | Noticed Duvessa
  5431 | D:4      | Noticed Dowan
  5518 | D:4      | Killed Duvessa
  5525 | D:4      | Killed Dowan
  5588 | D:4      | Found a runed door.
  5592 | D:4      | Noticed Crazy Yiuf
  5596 | D:4      | Killed Crazy Yiuf
  5766 | D:5      | Entered Level 5 of the Dungeon
  5769 | D:5      | Noticed Pikel
  5776 | D:5      | Killed Pikel
  5776 | D:5      | Reached skill level 6 in Dodging
  5776 | D:5      | Reached XP level 8. HP: 36/36 MP: 12/15
  6500 | D:5      | Reached skill level 10 in Stealth
  7300 | D:6      | Reached skill level 7 in Dodging
  7300 | D:6      | Reached XP level 9. HP: 33/40 MP: 5/16
  7447 | D:6      | Found a staircase to the Ecumenical Temple.
  7457 | Temple   | Entered the Ecumenical Temple
  7511 | Temple   | Became a worshipper of Nemelex Xobeh the Trickster
  7725 | D:6      | Found a bloodstained altar of Trog.
  7726 | D:6      | Noticed a wizard
  7776 | D:6      | Reached skill level 1 in Fighting
  7819 | D:6      | Noticed Eustachio
  8050 | D:6      | Killed Eustachio
  8501 | D:7      | Found an opulent altar of Gozag.
  8501 | D:7      | Found a glowing silver altar of Zin.
  8501 | D:7      | Received a gift from Nemelex Xobeh
  8697 | D:7      | Found a sand-covered staircase.
  8702 | Ossuary  | Entered an ossuary
  9257 | Ossuary  | Reached skill level 8 in Dodging
  9257 | Ossuary  | Reached skill level 5 in Spellcasting
  9284 | Ossuary  | Gained mutation: You are resistant to hostile enchantments. (MR+) [potion of beneficial mutation]
  9285 | Ossuary  | Gained mutation: You have a pair of small horns on your head. [potion of beneficial mutation]
  9460 | D:7      | Reached * piety under Nemelex Xobeh
  9520 | D:7      | Noticed a troll
 10425 | D:7      | Killed a troll
 10687 | D:7      | Reached skill level 9 in Dodging
 10705 | D:7      | Reached XP level 10. HP: 47/47 MP: 19/19
 10979 | D:8      | Reached ** piety under Nemelex Xobeh
 11674 | D:9      | Reached skill level 1 in Invocations
 11685 | D:9      | Reached skill level 10 in Dodging
 12234 | D:9      | Found Fecoakou's Gadget Emporium.
 12241 | D:9      | Bought a wand of teleportation (1/9) for 180 gold pieces
 12318 | D:9      | Noticed scalarboson's ghost (novice HOBe)
 12495 | D:9      | Received a gift from Nemelex Xobeh
 12518 | D:9      | Killed scalarboson's ghost
 12546 | D:9      | Found a glowing silver altar of Zin.
 12637 | D:9      | Found a deep blue altar of Sif Muna.
 12678 | D:9      | Found a radiant altar of Vehumet.
 12690 | D:9      | Found an ancient bone altar of Kikubaaqudgha.
 12824 | D:10     | Entered Level 10 of the Dungeon
 12901 | D:10     | Found a staircase to the Lair.
 12932 | D:10     | Noticed a hill giant
 12934 | D:10     | Killed a hill giant
 12934 | D:10     | Reached skill level 10 in Hexes
 12988 | D:10     | Noticed a hill giant
 12993 | D:10     | Killed a hill giant
 12993 | D:10     | Reached skill level 11 in Dodging
 12993 | D:10     | Reached XP level 11. HP: 53/53 MP: 22/22
 13034 | D:10     | Learned a level 1 spell: Animate Skeleton
 13038 | D:10     | Learned a level 3 spell: Regeneration
 13619 | D:10     | Reached skill level 1 in Necromancy
 13716 | Lair:1   | Entered Level 1 of the Lair of Beasts
 13767 | Lair:1   | Received a gift from Nemelex Xobeh
 13826 | Lair:1   | Reached *** piety under Nemelex Xobeh
 13838 | Lair:1   | Noticed a six-headed hydra
 13845 | Lair:1   | Killed a six-headed hydra
 13996 | Lair:1   | Reached skill level 12 in Dodging
 14303 | Lair:2   | Found a staircase to the Snake Pit.
 14347 | Lair:2   | Received a gift from Nemelex Xobeh
 14462 | Lair:2   | Noticed a four-headed hydra
 14473 | Lair:2   | Killed a four-headed hydra
 14614 | Lair:2   | Reached skill level 5 in Fighting
 14812 | Lair:2   | Received a gift from Nemelex Xobeh
 15127 | Lair:2   | Reached skill level 13 in Dodging
 15127 | Lair:2   | Reached skill level 1 in Charms
 15428 | Lair:3   | Reached **** piety under Nemelex Xobeh
 15572 | Lair:3   | Found a staircase to the Swamp.
 15579 | Lair:3   | Reached XP level 12. HP: 60/60 MP: 23/23
 15738 | Lair:3   | Reached skill level 5 in Invocations
 15926 | Lair:1   | Learned a level 4 spell: Animate Dead
 16227 | Lair:4   | Reached skill level 5 in Necromancy
 16366 | Lair:4   | Noticed an eight-headed hydra
 16376 | Lair:4   | Killed an eight-headed hydra
 16500 | Lair:4   | Noticed a six-headed hydra
 16536 | Lair:4   | Reached skill level 14 in Dodging
 16564 | Lair:4   | Noticed artefact's ghost (journeyman DEFE)
 16574 | Lair:4   | Killed a six-headed hydra
 16702 | Lair:4   | Received a gift from Nemelex Xobeh
 16824 | Lair:4   | Reached skill level 5 in Charms
 17086 | Lair:4   | Reached ***** piety under Nemelex Xobeh
 17138 | Lair:5   | Noticed a catoblepas
 17139 | Lair:5   | Killed a catoblepas
 17170 | Lair:5   | Received a gift from Nemelex Xobeh
 17591 | Lair:5   | Received a gift from Nemelex Xobeh
 17619 | Lair:5   | Noticed an eight-headed hydra
 17632 | Lair:5   | Noticed Nessos
 17652 | Lair:5   | Killed Nessos
 17696 | Lair:5   | Killed an eight-headed hydra
 17696 | Lair:5   | Reached skill level 1 in Ice Magic
 18196 | Lair:6   | Entered Level 6 of the Lair of Beasts
 18314 | Lair:6   | Noticed a seven-headed hydra
 18373 | Lair:6   | Killed a seven-headed hydra
 18373 | Lair:6   | Reached XP level 13. HP: 14/65 MP: 24/24
 18805 | Lair:6   | Received a gift from Nemelex Xobeh
 19349 | Lair:6   | Reached skill level 15 in Dodging
 19984 | Lair:6   | Received a gift from Nemelex Xobeh
 19984 | Lair:6   | Received a gift from Nemelex Xobeh
 20169 | Lair:6   | Found a staircase to the Slime Pits.
 20378 | D:11     | Noticed Erolcha
 20381 | D:11     | Found a flagged portal.
 20441 | Bailey   | Entered a bailey
 20552 | Bailey   | Found an iron altar of Okawaru.
 20988 | Bailey   | Got a ripped robe
 20990 | Bailey   | Identified the +3 robe "Konlyuph" {rElec rN+ MR+} (You took it off an orc warrior in a bailey)
 22000 | D:11     | Killed Erolcha
 22090 | D:11     | Found a staircase to the Orcish Mines.
 22094 | D:11     | Noticed Harold
 22139 | D:11     | Killed Harold
 22350 | D:11     | Found a glowing golden altar of the Shining One.
 22624 | Orc:1    | Entered Level 1 of the Orcish Mines
 22648 | Orc:1    | Found a burning altar of Makhleb.
 22651 | Orc:1    | Reached ****** piety under Nemelex Xobeh
 22651 | Orc:1    | Received a gift from Nemelex Xobeh
 22661 | Orc:1    | Got a faintly humming robe
 22668 | Orc:1    | Identified the +2 robe of the Vaults {rPois rN++} (You found it on level 1 of the Orcish Mines)
 22729 | Orc:1    | Noticed an orc warlord
 22884 | Orc:1    | Killed an orc warlord
 23158 | Orc:2    | Entered Level 2 of the Orcish Mines
 23162 | Orc:2    | Found a staircase to the Elven Halls.
 23168 | Orc:2    | Reached XP level 14. HP: 72/72 MP: 22/25
 23900 | Orc:1    | Received a gift from Nemelex Xobeh
 24431 | Orc:2    | Noticed an orc warlord
 24491 | Orc:2    | Killed an orc warlord
 24923 | Orc:2    | Reached skill level 10 in Short Blades
 25049 | Orc:2    | Found Jogutoa's Food Shoppe.
 25049 | Orc:2    | Found Laodenen's Armour Shoppe.
 25050 | Orc:2    | Found Nyetz's Magic Scroll Shop.
 25050 | Orc:2    | Found Lush's Assorted Antiques.
 25068 | Orc:2    | Bought a scroll of blinking for 105 gold pieces
 25076 | Orc:2    | Bought a scroll of magic mapping for 77 gold pieces
 25654 | D:12     | Reached skill level 16 in Dodging
 25903 | D:12     | Received a gift from Nemelex Xobeh
 26481 | D:12     | Reached skill level 15 in Stealth
 26803 | D:12     | Noticed a frost giant
 26935 | D:12     | Killed a frost giant
 27383 | D:13     | Received a gift from Nemelex Xobeh
 28168 | D:14     | Reached skill level 1 in Long Blades
 28191 | D:14     | Found a gate to the Vaults.
 28330 | D:14     | Received a gift from Nemelex Xobeh
 28766 | D:15     | Entered Level 15 of the Dungeon
 28809 | D:15     | Reached XP level 15. HP: 77/77 MP: 26/26
 28863 | D:15     | Found a frozen archway.
 28875 | IceCv    | Entered an ice cave
 28884 | IceCv    | Received a gift from Nemelex Xobeh
 29789 | IceCv    | Got a translucent dagger
 29803 | IceCv    | Identified the +7 dagger of Ikuorew {freeze, *Contam rF++ MP+9 SInv} (You found it in an ice cave)
 29932 | D:15     | Found a staircase to the Depths.
 29932 | D:15     | Noticed a frost giant
 29954 | D:15     | Killed a frost giant
 30385 | D:15     | Received a gift from Nemelex Xobeh
 30642 | D:15     | Learned a level 2 spell: Blink
 30645 | D:15     | Learned a level 2 spell: Repel Missiles
 30649 | D:15     | Learned a level 3 spell: Mephitic Cloud
 30756 | D:15     | Reached skill level 1 in Translocations
 30864 | D:15     | Received a gift from Nemelex Xobeh
 31216 | Swamp:1  | Entered Level 1 of the Swamp
 31217 | Swamp:1  | Reached skill level 17 in Dodging
 31395 | Swamp:1  | Reached skill level 1 in Poison Magic
 31398 | Swamp:1  | Noticed Frances
 31435 | Swamp:1  | Killed Frances
 31435 | Swamp:1  | Reached skill level 1 in Air Magic
 31634 | Swamp:1  | Got a translucent dagger
 31635 | Swamp:1  | Identified the +10 dagger of the Many Blessings {antimagic, rElec} (You found it on level 1 of the Swamp)
 31707 | Swamp:1  | Paralysed by a hornet for 2 turns
 32533 | Swamp:3  | Received a gift from Nemelex Xobeh
 32541 | Swamp:3  | Noticed a thorn hunter
 32621 | Swamp:2  | HP: 2/78 [spriggan druid/angry trees (17)]
 32643 | Swamp:3  | Slain by a swamp worm

Skill      XL: |  1  2  3  4  5  6  7  8  9 10 11 12 13 14 15 |
---------------+----------------------------------------------+-----
Spellcasting   | 3 4 5 7 |  7.6
Short Blades   | 2 3 4 6 7 8 9 10 | 10.1
Stealth        | 5 6 7 9 10 11 12 14 15 16 | 16.7
Hexes          | 4 5 6 8 10 11 12 | 12.4
Dodging        | 4 6 7 9 11 13 14 15 16 17 | 17.2
Fighting       | 2 4 5 6 7 8 |  8.7
Invocations    | 2 4 6 7 9 |  9.0
Necromancy     | 4 6 7 |  7.2
Charms         | 2 5 |  5.1
Ice Magic      | 1 2 3 |  3.0
Long Blades    | 1 4 |  4.2
Translocations | 3 |  3.2
Poison Magic   | 1 |  1.5
Air Magic      | 1 |  1.7

Action                   |  1- 3 |  4- 6 |  7- 9 | 10-12 | 13-15 || total
-------------------------+-------+-------+-------+-------+-------++-------
Melee: Dagger            |   131 |   241 |   458 |   555 |   959 ||  2344
       Headbutt          |       |       |     4 |    80 |   201 ||   285
       Quick blade       |       |       |       |       |   310 ||   310
       Scimitar          |       |       |       |       |    42 ||    42
Throw: Throwing net      |       |       |       |       |     1 ||     1
 Cast: Corona            |     3 |       |       |       |       ||     3
       Ensorcelled Hiber |    11 |    42 |    46 |   180 |   289 ||   568
       Confuse           |       |     8 |    29 |    15 |   106 ||   158
       Tukima's Dance    |       |     2 |       |       |       ||     2
       Regeneration      |       |       |       |       |     1 ||     1
Invok: Triple Draw       |       |       |       |     1 |       ||     1
       Stack Five        |       |       |       |       |     2 ||     2
Evoke: Deck              |       |       |       |    14 |    53 ||    67
       Wand              |       |       |       |     2 |     3 ||     5
  Use: Scroll            |     3 |     6 |    12 |    18 |    18 ||    57
       Potion            |       |     1 |     2 |       |    11 ||    14
 Stab: Sleeping          |    14 |    23 |    45 |   135 |   197 ||   414
       Distracted        |       |     1 |     2 |     2 |     6 ||    11
       Confused          |       |     2 |    16 |     6 |    71 ||    95
       Petrified         |       |       |       |     1 |       ||     1
  Eat: Fruit             |       |     3 |     3 |     3 |     8 ||    17
       Bread ration      |       |     1 |       |     1 |     1 ||     3
       Royal jelly       |       |       |       |     1 |     1 ||     2
       Pizza             |       |       |       |       |     1 ||     1
Armor: Robe              |    17 |    19 |    25 |    12 |    85 ||   158
       Troll leather arm |       |       |       |    23 |       ||    23
Dodge: Dodged            |   115 |   241 |   262 |   315 |   976 ||  1909
       Rpst.: Scimitar   |       |       |       |       |    26 ||    26
